 Dungeon Crawl Stone Soup version 0.27-a0-156-gbcd94eb011 (webtiles) character file.

Game seed: 8701475212351465042

280112 tabtabtabtab the Hand of Fortune (level 21, -12/147 HPs)
             Began as a Formicid Fighter on Jan 27, 2021.
             Was the Champion of Nemelex Xobeh.
             Mangled by a merfolk impaler
             ... wielding a +5 trident of freezing
              (15 damage)
             ... on level 4 of the Shoals.
             The game lasted 01:41:48 (47665 turns).

tabtabtabtab the Hand of Fortune (FoFi)            Turns: 47665, Time: 01:41:51

Health: -12/147    AC: 24    Str: 39    XL:     21   Next: 33%
Magic:  35/35      EV: 23    Int: 10    God:    Nemelex Xobeh [******]
Gold:   651        SH: 16    Dex: 19    Spells: 20/20 levels left

rFire    + + .     SeeInvis +   a - +9 executioner's axe (elec)
rCold    + + .     Faith    +   K - +2 shield of Resistance {rF++ rC++ Will++}
rNeg     + + +     Spirit   .   G - +6 plate armour of Reason {+Blink rN+++ Will- Str+4}
rPois    +         Reflect  .   (helmet unavailable)
rElec    .         Harm     .   x - scarf {+Inv}
rCorr    .         Rampage  .   C - +0 pair of gloves {Dex+3}
Will     +++..                  s - +2 pair of boots
Stlth    ..........             n - amulet of Ifoxkaze {Faith +Fly Int+3 Stlth+}
HPRegen  0.34/turn              t - ring of the Hare {EV+8}
MPRegen  0.24/turn              y - ring "Xera" {rPois Str+5 Dex+6}

@: very slightly contaminated, invisible, very slow
A: permanent stasis, dig shafts and tunnels, four strong arms, antennae 3, dopey
1, subdued magic 1
}: 2/15 runes: barnacled, gossamer
a: Dig, Shaft Self, Renounce Religion, Evoke Invisibility, Evoke Flight, Draw
Escape, Draw Destruction, Draw Summoning, Triple Draw, Deal Four, Stack Five


You were on level 4 of the Shoals.
You worshipped Nemelex Xobeh.
Nemelex Xobeh was exalted by your worship.
You visited 5 branches of the dungeon, and saw 31 of its levels.
You visited 1 bazaar.
You also visited: Bailey, Gauntlet and Volcano.

You collected 4511 gold pieces.
You spent 3860 gold pieces at shops.

Inventory:

Hand Weapons
 a - a +9 executioner's axe of electrocution (weapon)
 b - a +2 arbalest of freezing
Missiles
 l - 709 bolts
Armour
 h - a +1 tower shield of fire resistance
 s - a +2 pair of boots (worn)
 w - a +2 cloak of fire resistance
 x - a scarf of invisibility (worn)
 C - a +0 pair of gloves of dexterity (worn)
 G - the +6 plate armour of Reason (worn) {+Blink rN+++ Will- Str+4}
   (You bought it in a shop on level 6 of the Dungeon)

   It affects your strength (+4).
   It renders you almost immune to negative energy.
   It affects your willpower, your defense against some magical effects.
   It lets you blink.
 K - the +2 shield of Resistance (worn) {rF++ rC++ Will++}
   (You bought it in a shop on level 6 of the Dungeon)

   It greatly protects you from fire.
   It greatly protects you from cold.
   It affects your willpower, your defense against some magical effects.
 P - the +0 cloak of Agoraphobia {+Fly MP+9 Str-3 Stlth+}
   (You found it in a Gauntlet)

   It affects your strength (-3).
   It affects your magic capacity (+9).
   It lets you fly.
   It makes you more stealthy.
Jewellery
 n - the amulet of Ifoxkaze (around neck) {Faith +Fly Int+3 Stlth+}
   (You acquired it on level 2 of the Orcish Mines)

   [amulet of faith]

   It allows you to gain divine favour quickly.
   It affects your intelligence (+3).
   It lets you fly.
   It makes you more stealthy.
 t - the ring of the Hare (left hand) {EV+8}
   (You took it off a minotaur in a Gauntlet)

   [ring of evasion]

   It affects your evasion (+8).
 y - the ring "Xera" (right hand) {rPois Str+5 Dex+6}
   (You found it on level 3 of the Shoals)

   [ring of dexterity]

   It affects your strength (+5).
   It affects your dexterity (+6).
   It protects you from poison.
 F - an uncursed ring of protection from fire
 M - the ring "Xeidosem" {rC+ Will+ Str+4}
   (You found it in a Gauntlet)

   [ring of willpower]

   It affects your strength (+4).
   It protects you from cold.
   It affects your willpower, your defense against some magical effects.
 N - the ring "Cuokhli" {Ice rPois Int-5 Dex+2}
   (You found it in a Gauntlet)

   [ring of ice]

   It enhances your ice magic.
   It affects your intelligence (-5).
   It affects your dexterity (+2).
   It makes you vulnerable to fire.
   It protects you from cold.
   It protects you from poison.
 O - an uncursed amulet of magic regeneration
 S - an uncursed ring of resist corrosion
 Y - an uncursed ring of positive energy
Wands
 f - a wand of paralysis (13)
 p - a wand of acid (6)
 E - a wand of mindburst (9)
 H - a wand of digging (10)
 R - a wand of iceblast (25)
 U - a wand of flame (30)
Scrolls
 d - 3 scrolls of immolation
 i - 15 scrolls of remove curse
 j - a scroll of silence
 k - 2 scrolls of summoning
 m - a scroll of fog
 z - 6 scrolls of magic mapping
 A - 7 scrolls of enchant armour
 D - 6 scrolls of fear
 Q - a scroll of holy word
 V - 2 scrolls of brand weapon
Potions
 o - 6 potions of curing
 r - 5 potions of magic
 u - 7 potions of flight
 v - 6 potions of mutation
 B - 4 potions of brilliance
 I - 2 potions of cancellation
 J - 6 potions of attraction
 L - 2 potions of might
 T - a potion of invisibility
 X - a potion of lignification
 Z - a potion of ambrosia
Miscellaneous
 c - a tin of tremorstones (2/2)
 e - a phantom mirror
 g - a box of beasts
 W - a lightning rod (4/4)


   Skills:
 - Level 8.0 Fighting
 - Level 18.1 Axes
 + Level 17.1 Crossbows
 - Level 9.1 Armour
 - Level 8.7 Dodging
 - Level 9.0 Shields
 - Level 20.7 Invocations
 - Level 5.0 Evocations


You had 20 spell levels left.
You didn't know any spells.
Your spell library contained the following spells:

 Spells                   Type           Power        Failure   Level
 Apportation              Tloc           0%           86%         1
 Beastly Appendage        Tmut           0%           86%         1
 Corona                   Hex            0%           86%         1
 Magic Dart               Conj           0%           86%         1
 Shock                    Conj/Air       0%           86%         1
 Sting                    Tmut/Pois      0%           86%         1
 Call Imp                 Summ           0%           94%         2
 Corpse Rot               Necr/Air       N/A          94%         2
 Ensorcelled Hibernation  Hex/Ice        0%           94%         2
 Poisonous Vapours        Pois/Air       0%           94%         2
 Slow                     Hex            0%           94%         2
 Sublimation of Blood     Necr           0%           94%         2
 Wereblood                Tmut           0%           94%         2
 Confusing Touch          Hex            0%           99%         3
 Conjure Flame            Conj/Fire      0%           99%         3
 Dazzling Flash           Conj/Hex       0%           99%         3
 Ignite Poison            Fire/Tmut/Pois 0%           99%         3
 Inner Flame              Hex/Fire       0%           99%         3
 Lesser Beckoning         Tloc           0%           99%         3
 Mephitic Cloud           Conj/Pois/Air  0%           99%         3
 Portal Projectile        Hex/Tloc       0%           99%         3
 Spider Form              Tmut/Pois      0%           99%         3
 Static Discharge         Conj/Air       0%           99%         3
 Tukima's Dance           Hex            0%           99%         3
 Airstrike                Air            0%           100%        4
 Cause Fear               Hex            0%           100%        4
 Dispel Undead            Necr           0%           100%        4
 Ice Form                 Ice/Tmut       0%           100%        4
 Leda's Liquefaction      Hex/Erth       0%           100%        4
 Olgreb's Toxic Radiance  Pois           0%           100%        4
 Agony                    Necr           0%           100%        5
 Alistair's Intoxication  Tmut/Pois      0%           100%        5
 Blade Hands              Tmut           0%           100%        5
 Excruciating Wounds      Necr           0%           100%        5
 Lightning Bolt           Conj/Air       0%           100%        5
 Freezing Cloud           Conj/Ice/Air   0%           100%        6
 Invisibility             Hex            0%           100%        6
 Ignition                 Fire           0%           100%        8
 Shatter                  Erth           0%           100%        9
 Tornado                  Air            0%           100%        9
 Blink                    Tloc           Unusable     N/A         2
 Swiftness                Air            Unusable     N/A         2

Dungeon Overview and Level Annotations

Branches:
Dungeon (15/15)            Temple (0/1) D:4            Lair (6/6) D:11
 Shoals (4/4) Lair:2       Spider (4/4) Lair:4        Slime (0/5) Lair:6
    Orc (2/2) D:10            Elf (0/3) Orc:2        Vaults (0/5) D:14
 Depths (0/5) D:15         Bailey (visited)         Volcano (visited)
Gauntlet (visited)

Altars:
Ashenzari
Cheibriados
Dithmenos
Elyvilon
Hepliaklqana
Nemelex Xobeh
Okawaru
Qazlal
Trog
Vehumet
Yredelemnul
Zin
The Shining One
Jiyva

Shops:
D:4 [   D:6 [   D:11 !   Orc:2 ?(?=   Shoals:2 *   Shoals:4 !


Innate Abilities, Weirdness & Mutations

You cannot be hasted, slowed, berserked, paralysed or teleported.
You can dig through walls and to a lower floor.
Your four strong arms can wield two-handed weapons with a shield.
You have a pair of large antennae on your head. (SInv)
You are dopey. (Int -2)
Your spells are a little easier to cast, but a little less powerful.


Message History

The silver javelin pierces through Meto!
The silver javelin misses you.
The merfolk impaler hits you from afar with a +0 demon trident of freezing!
* * * LOW HITPOINT WARNING * * *
The merfolk impaler freezes you.
* * * LOW HITPOINT WARNING * * *
You are very lightly contaminated with residual magic.
You feel much better.
The merfolk impaler misses Meto.
The merfolk impaler hits you from afar with a +5 trident of freezing!
* * * LOW HITPOINT WARNING * * *
The merfolk impaler freezes you.
* * * LOW HITPOINT WARNING * * *
Meto hits the merfolk impaler!
The merfolk javelineer throws a javelin.
The javelin pierces through you!!
* * * LOW HITPOINT WARNING * * *
You block the merfolk impaler's attack.
The merfolk impaler hits you from afar with a +5 trident of freezing!
You die...
Your body glows with a rainbow of weird colours and disappears.

≈≈≈≈≈#,≈≈,≈{###≈≈≈≈≈≈≈≈≈≈≈≈
≈≈≈≈#*≈{#≈#≈≈#≈≈≈≈≈≈≈≈≈≈≈≈≈
≈≈..#*,,,≈≈≈≈*≈≈≈≈≈≈≈≈≈≈≈≈≈
≈...###,*,,≈)##≈≈≈≈≈≈≈≈≈≈≈≈
......#######k≈≈≈≈≈≈≈≈≈≈≈≈≈
.......≈.#≈.#)≈≈m≈≈≈≈≈≈≈≈≈≈
..............mmmm2≈≈≈≈≈≈≈≈
..............≈≈&≈≈≈≈≈≈≈≈≈≈
..............≈≈@≈≈≈≈≈≈≈≈≈≈
.............≈≈≈≈≈≈≈≈≈≈≈≈≈≈
............≈≈≈≈≈≈≈≈≈≈≈≈≈≈≈
...........≈≈≈≈≈≈≈≈≈≈≈≈≈≈≈≈
....<.....≈≈≈≈≈≈≈≈≈≈≈≈≈≈≈≈≈
#≈.#......≈≈≈≈≈≈≈≈≈≈≈≈≈≈≈≈≈
####.....≈≈≈≈≈≈≈≈≈≈≈≈≈≈≈≈≈≈
##.###...≈≈≈≈≈≈≈≈≈≈≈≈≈≈≈≈≈≈
≈...##..(≈≈≈≈≈≈≈≈≈≈≈≈≈≈≈≈≈≈


You could see 3 merfolk impalers, 2 merfolk javelineers, a reaper (summoned), a
wind drake (repels missiles) and the friendly Meto (summoned).

Vanquished Creatures
  Arachne (Spider:3)
  Jorgrun (Shoals:1)
  Rupert (Lair:3)
  3 krakens
  Roxanne (Shoals:1)
  A tengu reaver (D:14)
  Ilsuiw (Shoals:4)
  5 emperor scorpions
  A frost giant (Shoals:4)
  6 ghost moths
  2 spark wasps (Spider:4)
  4 dire elephants (Lair:6)
  A minotaur (Gauntlet)
  6 entropy weavers
  An ettin (D:15)
  3 merfolk javelineers (Shoals:4)
  Josephine (D:11)
  13 merfolk impalers
  The ghost of Sapheram the Carver, a journeyman DsGl of Okawaru (D:15)
  A rakshasa (D:13)
  8 vault guards (D:14)
  4 hydras
  A catoblepas (Lair:5)
  4 boulder beetles
  An anaconda (Lair:6)
  6 merfolk avatars
  7 merfolk aquamancers
  3 alligator snapping turtles
  4 centaur warriors
  13 death yaks
  6 two-headed ogres
  A satyr (Shoals:2)
  A queen ant (Lair:6)
  A tengu warrior (D:15)
  3 ogre magi
  An orc high priest (Orc:2)
  Urug (D:10)
  A hell knight (D:15)
  Nergalle (D:10)
  7 skeletal warriors
  A shock serpent (Spider:1)
  13 sea snakes
  2 glowing orange brains (Bailey)
  An unseen horror (D:15)
  2 swamp dragons (Spider:1)
  28 harpies
  A wizard (D:14)
  2 mana vipers
  15 orb spiders
  2 oklob plants
  2 orc knights (Orc:2)
  7 ugly things
  A mana viper (shapeshifter) (D:14)
  A deep elf mage (D:14)
  A shining eye (Shoals:3)
  21 wolf spiders
  10 fauns
  5 cyclopes
  18 manticores
  5 elephants
  A moth of wrath (Spider:4)
  5 salamanders
  11 merfolk sirens
  2 torpor snails (Spider:4)
  3 water nymphs
  Joseph (D:10)
  An ice statue (D:12)
  5 black mambas
  A gargoyle (D:15)
  A smoke demon (Gauntlet)
  12 cane toads
  The ghost of knot the Chopper, a novice DsBe of Trog (D:6)
  7 rime drakes
  10 demonic crawlers
  11 komodo dragons
  2 yaktaurs
  A tormentor (Spider:1)
  A freezing wraith (D:13)
  26 merfolk
  A wandering mushroom (Lair:1)
  A meliai (Spider:1)
  39 jumping spiders
  3 polar bears
  7 hornets
  3 trolls
  2 tyrant leeches (Spider:2)
  11 slime creatures
  A harpy zombie (D:15)
  5 wind drakes
  14 dream sheep
  8 snapping turtles
  3 water elementals
  A spriggan (Lair:2)
  A shadow (D:12)
  A vampire (D:14)
  7 wraiths
  30 tarantellas
  5 wyverns
  56 redbacks
  3 fire bats (Orc:1)
  Eustachio (D:6)
  6 basilisks
  A golden eye (Volcano)
  32 yaks
  3 steam dragons
  2 neqoxecs (Gauntlet)
  18 wargs (D:14)
  Menkaure (D:6)
  6 vampire mosquitoes
  A swamp worm (Volcano)
  19 soldier ants
  A floating eye (Lair:1)
  Duvessa (D:4)
  12 water moccasins
  A swamp drake (Shoals:4)
  46 orc warriors
  A necrophage (D:3)
  2 sky beasts
  5 ice beasts
  2 phantoms
  7 black bears
  A hornet zombie (D:12)
  2 eyes of draining
  A boggart (Bailey)
  14 wolves
  16 ogres
  17 centaurs
  2 big kobolds
  A wyvern zombie (D:10)
  21 bullfrogs
  A water moccasin zombie (D:6)
  Dowan (D:4)
  5 scorpions
  4 killer bees (D:10)
  6 wights
  2 electric eels (Lair:2)
  2 howler monkeys
  2 crimson imps (Gauntlet)
  3 bullfrog zombies
  3 centaur zombies
  3 centaur skeletons
  9 hounds
  4 jellies
  19 orc wizards
  11 orc priests
  2 bullfrog skeletons
  3 iguanas
  37 worker ants
  A hound zombie (D:6)
  4 gnolls
  11 adders
  A howler monkey skeleton (D:8)
  A shadow imp (D:5)
  10 white imps
  2 oozes
  3 adder skeletons
  3 worms
  4 dart slugs
  An adder simulacrum (D:6)
  12 leopard geckos
  91 orcs
  4 ball pythons
  6 bats
  7 giant cockroaches
  9 goblins
  9 hobgoblins
  7 jackals
  18 kobolds
  3 quokkas
  A ball python simulacrum (D:6)
  6 frilled lizards
  A jackal skeleton (D:5)
  A quokka zombie (D:6)
  9 rats
  8 tentacles
1163 creatures vanquished.

Vanquished Creatures (collateral kills)
  A storm dragon (Spider:1)
  An orc warlord (D:14)
  A frost giant (Shoals:4)
  An entropy weaver (Spider:4)
  A fire dragon (D:14)
  2 merfolk impalers (Shoals:4)
  A shambling mangrove (Lair:1)
  2 hydras
  4 boulder beetles
  A merfolk avatar (Shoals:4)
  A death knight (D:13)
  2 death yaks (Lair:6)
  2 merfolk aquamancers
  An alligator snapping turtle (Shoals:3)
  A hell knight (D:14)
  A glowing orange brain (Gauntlet)
  A skeletal warrior (D:13)
  A death drake (Spider:1)
  5 sea snakes
  An orc knight (D:14)
  2 harpies
  3 wolf spiders
  An ugly thing (Gauntlet)
  A merfolk siren (Shoals:4)
  2 water nymphs
  A rime drake (Shoals:3)
  2 cane toads (Lair:5)
  A demonic crawler (Spider:2)
  6 jumping spiders
  2 tyrant leeches (Spider:2)
  2 hornets (Spider:4)
  3 snapping turtles
  3 dream sheep
  12 redbacks
  6 tarantellas
  A water elemental (Shoals:3)
  A floating eye (Shoals:3)
  2 orc warriors (D:14)
  An ogre (D:5)
  3 wolves
  An orc priest (D:14)
  2 gnolls (D:5)
89 creatures vanquished.

Vanquished Creatures (others)
  A boulder beetle (D:12)
  A salamander mystic (Volcano)
  A sea snake (Shoals:4)
  4 demonic plants (Gauntlet)
  40 fungi
  113 plants
  8 tentacles
168 creatures vanquished.

Grand Total: 1420 creatures vanquished

Notes
Turn   | Place    | Note
-------+----------+-------------------------------------------
     0 | D:1      | tabtabtabtab the Formicid Fighter began the quest for the
                  | Orb.
     0 | D:1      | Reached XP level 1. HP: 18/18 MP: 1/1
   176 | D:1      | Reached XP level 2. HP: 18/24 MP: 2/2
   653 | D:1      | Reached XP level 3. HP: 27/29 MP: 3/3
   821 | D:2      | Reached skill level 1 in Dodging
   933 | D:2      | Reached XP level 4. HP: 29/35 MP: 4/4
  1264 | D:2      | Found a sparkling altar of Nemelex Xobeh.
  1524 | D:2      | Became a worshipper of Nemelex Xobeh the Trickster
  1646 | D:3      | Found a white marble altar of Elyvilon.
  1735 | D:3      | Noticed a necrophage
  1740 | D:3      | Killed a necrophage
  1741 | D:3      | Reached skill level 2 in Invocations
  1741 | D:3      | Reached XP level 5. HP: 40/41 MP: 4/6
  2080 | D:3      | Reached XP level 6. HP: 47/47 MP: 7/7
  2100 | D:3      | You fall into a shaft and drop 3 floors!
  2437 | D:6      | Noticed an orc warrior
  2460 | D:5      | Entered Level 5 of the Dungeon
  2493 | D:5      | Reached skill level 3 in Invocations
  2963 | D:4      | Reached skill level 5 in Shields
  2981 | D:4      | Found a staircase to the Ecumenical Temple.
  2996 | D:4      | Found Xiuschud's Armour Shoppe.
  2996 | D:4      | Noticed an ogre
  3014 | D:4      | Killed an ogre
  3015 | D:4      | Reached XP level 7. HP: 39/52 MP: 9/9
  4104 | D:4      | Reached * piety under Nemelex Xobeh
  4280 | D:4      | Noticed Duvessa
  4280 | D:4      | Noticed Dowan
  4295 | D:4      | Killed Duvessa
  4296 | D:4      | Reached skill level 5 in Axes
  4296 | D:4      | Reached skill level 4 in Invocations
  4300 | D:4      | Killed Dowan
  4582 | D:4      | Found a snail-covered altar of Cheibriados.
  4768 | D:4      | Reached XP level 8. HP: 57/58 MP: 11/11
  4901 | D:5      | Received a gift from Nemelex Xobeh
  4968 | D:5      | Reached skill level 5 in Invocations
  5940 | D:5      | Reached ** piety under Nemelex Xobeh
  5994 | D:5      | Found a basalt altar of Yredelemnul.
  6249 | D:6      | Found a sparkling altar of Nemelex Xobeh.
  6303 | D:6      | Found Zockasaicy's Antique Armour Shoppe.
  6308 | D:6      | Reached skill level 6 in Invocations
  6318 | D:6      | Noticed Eustachio
  6337 | D:6      | Killed Eustachio
  6342 | D:6      | Reached XP level 9. HP: 52/66 MP: 13/13
  6468 | D:6      | Noticed knot's ghost (novice DsBe)
  6485 | D:6      | Reached skill level 7 in Invocations
  6688 | D:6      | Found a runed translucent gate.
  6688 | D:6      | Found a runed translucent gate.
  6688 | D:6      | Found a runed translucent gate.
  7097 | D:6      | Found a glowing silver altar of Zin.
  7097 | D:6      | Noticed an angel
  7123 | D:6      | Noticed Menkaure
  7130 | D:6      | Killed Menkaure
  7131 | D:6      | Reached skill level 5 in Fighting
  7573 | D:7      | Found a broken altar of Ashenzari.
  7734 | D:7      | Reached skill level 8 in Invocations
  8180 | D:7      | Received a gift from Nemelex Xobeh
  8608 | D:8      | Reached XP level 10. HP: 74/74 MP: 16/16
  8624 | D:8      | Reached *** piety under Nemelex Xobeh
  8736 | D:8      | Received a gift from Nemelex Xobeh
  8845 | D:8      | Found a shadowy altar of Dithmenos.
  8846 | D:8      | Found a hazy altar of Hepliaklqana.
  9182 | D:8      | Found an iron altar of Okawaru.
  9669 | D:6      | Bought a bloodstained plate armour for 644 gold pieces
  9679 | D:6      | Identified the +6 plate armour of Reason {+Blink rN+++
                  | Will- Str+4} (You bought it in a shop on level 6 of the
                  | Dungeon)
  9851 | D:9      | Reached skill level 9 in Invocations
  9966 | D:9      | Received a gift from Nemelex Xobeh
 10288 | D:9      | Noticed a manticore
 10290 | D:9      | Received a gift from Nemelex Xobeh
 10307 | D:9      | Killed a manticore
 10537 | D:9      | Reached **** piety under Nemelex Xobeh
 10685 | D:9      | Noticed a white ugly thing
 10692 | D:9      | Killed a white ugly thing
 10693 | D:9      | Reached skill level 5 in Armour
 10696 | D:9      | Found a glowing golden altar of the Shining One.
 10715 | D:10     | Entered Level 10 of the Dungeon
 10832 | D:10     | Reached skill level 10 in Invocations
 10959 | D:10     | Received a gift from Nemelex Xobeh
 11024 | D:10     | Noticed Urug
 11032 | D:10     | Killed Urug
 11033 | D:10     | Reached XP level 11. HP: 68/79 MP: 18/18
 11274 | D:10     | Found a stormy altar of Qazlal.
 11343 | D:10     | Noticed Joseph
 11363 | D:10     | Killed Joseph
 11486 | D:10     | Found a staircase to the Orcish Mines.
 11583 | D:10     | Reached skill level 11 in Invocations
 11589 | D:10     | Reached skill level 10 in Axes
 11847 | D:10     | Noticed Nergalle
 11857 | D:10     | Killed Nergalle
 12012 | D:11     | Found a staircase to the Lair.
 12076 | D:11     | Found a flagged portal.
 12087 | Bailey   | Entered a bailey
 12087 | Bailey   | Noticed an orc knight
 12088 | Bailey   | Noticed an orc knight
 12089 | Bailey   | Noticed an orc knight
 12090 | Bailey   | Noticed a mana viper
 12090 | Bailey   | an orc knight changed into a mana viper
 12090 | Bailey   | Noticed a glowing orange brain
 12090 | Bailey   | an orc knight changed into a glowing orange brain
 12090 | Bailey   | an orc knight changed into a yaktaur
 12092 | Bailey   | Killed a mana viper
 12092 | Bailey   | Killed a glowing orange brain
 12126 | Bailey   | Noticed an orc knight
 12136 | Bailey   | Noticed a glowing orange brain
 12136 | Bailey   | an orc knight changed into a glowing orange brain
 12145 | Bailey   | Killed a glowing orange brain
 12146 | Bailey   | Reached skill level 5 in Dodging
 12146 | Bailey   | Reached skill level 12 in Invocations
 12558 | Lair:1   | Entered Level 1 of the Lair of Beasts
 12558 | Lair:1   | Received a gift from Nemelex Xobeh
 12558 | Lair:1   | Noticed an oklob plant
 12558 | Lair:1   | Noticed an oklob plant
 12599 | Lair:1   | Found a gate leading to a gauntlet.
 12608 | Gauntlet | Entered a Gauntlet
 12608 | Gauntlet | Found a transporter.
 12608 | Gauntlet | Found a transporter.
 12608 | Gauntlet | Noticed a sixfirhy
 12774 | Gauntlet | Found a transporter.
 12777 | Gauntlet | Found a transporter.
 12785 | Gauntlet | Found a transporter.
 12790 | Gauntlet | Found a transporter.
 12791 | Gauntlet | Noticed a wizard
 12795 | Gauntlet | Noticed a wizard
 12800 | Gauntlet | Found a transporter.
 12809 | Gauntlet | Reached ***** piety under Nemelex Xobeh
 12812 | Gauntlet | Noticed a purple ugly thing
 12813 | Gauntlet | Found a transporter.
 12814 | Gauntlet | Noticed a glowing orange brain
 12830 | Gauntlet | Found a transporter.
 12831 | Gauntlet | Found a transporter.
 12839 | Gauntlet | Found a transporter.
 12843 | Gauntlet | Found a transporter.
 12896 | Gauntlet | Reached XP level 12. HP: 54/86 MP: 21/21
 13033 | Gauntlet | Gained mutation: Your spells are a little easier to cast,
                  | but a little less powerful. [a neqoxec]
 13038 | Gauntlet | Gained mutation: You are dopey. (Int -2) [a neqoxec]
 13092 | Gauntlet | Got a wavering pewter ring
 13093 | Gauntlet | Identified the ring "Xeidosem" {rC+ Will+ Str+4} (You found
                  | it in a Gauntlet)
 13111 | Gauntlet | Killed a glowing orange brain
 13176 | Gauntlet | Got a flickering iron ring
 13178 | Gauntlet | Identified the ring "Cuokhli" {Ice rPois Int-5 Dex+2} (You
                  | found it in a Gauntlet)
 13202 | Gauntlet | Identified the +5 mace of the Pits of Slime {venom, Str+6}
 13202 | Gauntlet | Noticed a minotaur
 13224 | Gauntlet | Killed a minotaur
 13375 | Gauntlet | Got a transparent cloak
 13386 | Gauntlet | Identified the +0 cloak of Agoraphobia {+Fly MP+9 Str-3
                  | Stlth+} (You found it in a Gauntlet)
 13462 | Lair:1   | Reached skill level 1 in Evocations
 13676 | Lair:1   | Received a gift from Nemelex Xobeh
 14880 | Lair:2   | Reached skill level 13 in Invocations
 15197 | Lair:2   | Noticed a four-headed hydra
 15206 | Lair:2   | Killed a four-headed hydra
 15326 | Lair:2   | Received a gift from Nemelex Xobeh
 15619 | Lair:2   | Found a staircase to the Shoals.
 16281 | Lair:3   | Noticed Rupert
 16459 | Lair:2   | Reached XP level 13. HP: 93/93 MP: 23/23
 16613 | Lair:3   | Noticed an eight-headed hydra
 16625 | Lair:2   | Killed an eight-headed hydra
 16906 | Lair:2   | Reached skill level 14 in Invocations
 17179 | Lair:3   | Killed Rupert
 17334 | Lair:3   | Received a gift from Nemelex Xobeh
 17678 | Lair:3   | Received a gift from Nemelex Xobeh
 17767 | Lair:3   | Identified the cursed +0 chain mail of the Moon Troll
                  | {Int+4} (You found it on level 3 of the Lair of Beasts)
 17926 | Lair:4   | Reached skill level 5 in Evocations
 18338 | Lair:4   | Noticed a five-headed hydra
 18364 | Lair:4   | Killed a six-headed hydra
 18387 | Lair:4   | Reached skill level 1 in Crossbows
 18696 | Lair:4   | Reached skill level 15 in Invocations
 18715 | Lair:4   | Reached XP level 14. HP: 27/103 MP: 25/25
 19479 | Lair:4   | Received a gift from Nemelex Xobeh
 19479 | Lair:4   | Found a hole to the Spider Nest.
 19539 | Lair:4   | Reached ****** piety under Nemelex Xobeh
 19804 | Lair:5   | Received a gift from Nemelex Xobeh
 20213 | Lair:5   | Received a gift from Nemelex Xobeh
 20951 | Lair:5   | Received a gift from Nemelex Xobeh
 20983 | Lair:6   | Entered Level 6 of the Lair of Beasts
 20987 | Lair:6   | Found a staircase to the Slime Pits.
 21111 | Lair:6   | Reached skill level 16 in Invocations
 21113 | Lair:6   | Noticed an entropy weaver
 21179 | Lair:6   | Noticed an entropy weaver
 21208 | Lair:6   | Killed an entropy weaver
 21215 | Lair:6   | Killed an entropy weaver
 21712 | Lair:6   | Received a gift from Nemelex Xobeh
 21837 | Lair:6   | Identified the +1 trident of Precise Incision {flame, rPois
                  | Stlth+}
 21841 | Lair:6   | Reached XP level 15. HP: 40/108 MP: 27/27
 22145 | Lair:6   | Received a gift from Nemelex Xobeh
 22181 | Lair:6   | Got a jewelled scale mail
 22192 | Lair:6   | Identified the +1 scale mail of Watchfulness {rC+ rN+} (You
                  | found it on level 6 of the Lair of Beasts)
 22287 | Lair:6   | Reached skill level 5 in Crossbows
 22322 | Lair:6   | Found a viscous altar of Jiyva.
 23886 | Orc:1    | Entered Level 1 of the Orcish Mines
 23965 | Orc:1    | Found a dark tunnel.
 23981 | Volcano  | Entered a volcano
 24009 | Volcano  | Found a radiant altar of Vehumet.
 24362 | Orc:1    | Received a gift from Nemelex Xobeh
 24983 | Orc:1    | Reached skill level 17 in Invocations
 25036 | Orc:2    | Entered Level 2 of the Orcish Mines
 25036 | Orc:2    | Found a staircase to the Elven Halls.
 25108 | Orc:2    | Reached skill level 15 in Axes
 25550 | Orc:2    | Received a gift from Nemelex Xobeh
 26386 | Orc:2    | Found a bloodstained altar of Trog.
 26426 | Orc:2    | Found Fuar Iwk's Weapon Emporium.
 26426 | Orc:2    | Found Zuosistymp's Magic Scroll Shop.
 26428 | Orc:2    | Found Nutemiat's Jewellery Boutique.
 26430 | Orc:2    | Found Kyacet's Magic Scroll Shoppe.
 26442 | Orc:2    | Bought a scroll of acquirement for 728 gold pieces
 26442 | Orc:2    | Acquired a +3 executioner's axe of electrocution
 26507 | Orc:2    | Bought a scroll of acquirement for 728 gold pieces
 26507 | Orc:2    | Acquired the amulet of Ifoxkaze {Faith +Fly Int+3 Stlth+}
 26677 | Orc:2    | Received a gift from Nemelex Xobeh
 26890 | D:11     | Received a gift from Nemelex Xobeh
 26964 | D:11     | Found Etre's Distillery.
 26967 | D:11     | Bought a potion of heal wounds for 50 gold pieces
 26967 | D:11     | Bought a potion of heal wounds for 50 gold pieces
 27052 | D:11     | Noticed Josephine
 27065 | D:11     | Killed Josephine
 27076 | D:11     | Received a gift from Nemelex Xobeh
 28007 | D:12     | Reached XP level 16. HP: 91/115 MP: 28/28
 28100 | D:12     | Received a gift from Nemelex Xobeh
 28535 | D:13     | Received a gift from Nemelex Xobeh
 28737 | D:13     | Received a gift from Nemelex Xobeh
 29336 | D:13     | Received a gift from Nemelex Xobeh
 29581 | D:14     | Reached skill level 18 in Invocations
 29626 | D:14     | Received a gift from Nemelex Xobeh
 29809 | D:14     | Received a gift from Nemelex Xobeh
 30003 | D:14     | Found a gate to the Vaults.
 30183 | D:14     | Noticed a tengu reaver
 30184 | D:14     | Found a radiant altar of Vehumet.
 30198 | D:14     | Killed a tengu reaver
 30320 | D:14     | Found a glowing silver altar of Zin.
 30320 | D:14     | Received a gift from Nemelex Xobeh
 30877 | D:15     | Entered Level 15 of the Dungeon
 30961 | D:15     | Reached XP level 17. HP: 48/120 MP: 30/30
 31292 | D:15     | Received a gift from Nemelex Xobeh
 31309 | D:15     | Found a staircase to the Depths.
 31713 | D:15     | Reached skill level 19 in Invocations
 31763 | D:15     | Found a runed translucent gate.
 31763 | D:15     | Found a runed translucent gate.
 31763 | D:15     | Noticed Sapheram's ghost (journeyman DsGl)
 31764 | D:15     | Found a runed translucent gate.
 31823 | D:15     | Killed Sapheram's ghost
 32012 | D:6      | Killed knot's ghost
 32573 | Spider:1 | Entered Level 1 of the Spider Nest
 32586 | Spider:1 | You fall into a shaft and drop 1 floor!
 32910 | Spider:2 | Received a gift from Nemelex Xobeh
 33192 | Spider:1 | Noticed a storm dragon
 33192 | Spider:1 | an emperor scorpion changed into a storm dragon
 33196 | Spider:1 | Killed a storm dragon
 33197 | Spider:1 | You fall into a shaft and drop 1 floor!
 33666 | Spider:1 | You fall into a shaft and drop 1 floor!
 34205 | Spider:1 | Received a gift from Nemelex Xobeh
 34407 | Spider:1 | Received a gift from Nemelex Xobeh
 34734 | Spider:2 | Reached skill level 10 in Crossbows
 34734 | Spider:2 | Reached XP level 18. HP: 113/127 MP: 31/31
 35227 | Spider:2 | Received a gift from Nemelex Xobeh
 35549 | Spider:3 | Reached XP level 19. HP: 117/132 MP: 32/32
 35636 | Spider:3 | Noticed Arachne
 35646 | Spider:3 | Identified the +3 demon trident "Orb Guardian's Regret"
                  | {freeze, Int+4}
 35659 | Spider:3 | Killed Arachne
 35698 | Spider:3 | Reached skill level 20 in Invocations
 36069 | Spider:3 | Received a gift from Nemelex Xobeh
 36606 | Spider:4 | Entered Level 4 of the Spider Nest
 38032 | Spider:4 | Received a gift from Nemelex Xobeh
 38971 | Spider:4 | Got a gossamer rune of Zot
 39416 | Spider:4 | Received a gift from Nemelex Xobeh
 39910 | Shoals:1 | Entered Level 1 of the Shoals
 39944 | Shoals:1 | Noticed Roxanne
 39955 | Shoals:1 | Killed Roxanne
 39959 | Shoals:1 | You fall into a shaft and drop 1 floor!
 40099 | Shoals:1 | Reached XP level 20. HP: 136/141 MP: 34/34
 41098 | Shoals:1 | Received a gift from Nemelex Xobeh
 41104 | Shoals:1 | Noticed Jorgrun
 41115 | Shoals:1 | Killed Jorgrun
 42049 | Shoals:2 | Found Byfaenit's General Store.
 42575 | Shoals:2 | Received a gift from Nemelex Xobeh
 43873 | Shoals:3 | Received a gift from Nemelex Xobeh
 44151 | Shoals:3 | Found a runed translucent door.
 44360 | Shoals:3 | Reached skill level 15 in Crossbows
 44379 | Shoals:3 | Received a gift from Nemelex Xobeh
 44648 | Shoals:3 | Identified the +5 executioner's axe of the Real Monster
                  | {vorpal, rN++ Int+6}
 45116 | Shoals:3 | Got a pitted amber ring
 45123 | Shoals:3 | Identified the ring "Xera" {rPois Str+5 Dex+6} (You found
                  | it on level 3 of the Shoals)
 45410 | D:6      | Bought the +2 shield of Resistance {rF++ rC++ Will++} for
                  | 1492 gold pieces
 45410 | D:6      | Found the +2 shield of Resistance {rF++ rC++ Will++}
 45706 | Shoals:4 | Entered Level 4 of the Shoals
 45900 | Shoals:4 | Found a flickering gateway to a bazaar.
 45915 | Bazaar   | Entered a bazaar
 45915 | Bazaar   | Found Caucooka's Armour Shoppe.
 45915 | Bazaar   | Found Kagg's Magic Scroll Shoppe.
 45915 | Bazaar   | Found Bulloh's Assorted Antiques.
 45915 | Bazaar   | Found Inamim's Weapon Emporium.
 46135 | Shoals:4 | Reached XP level 21. HP: 24/147 MP: 35/35
 46635 | Shoals:4 | Received a gift from Nemelex Xobeh
 46635 | Shoals:4 | Found Tiazoesk's Distillery.
 46645 | Shoals:4 | Bought a potion of curing for 42 gold pieces
 46645 | Shoals:4 | Bought a potion of heal wounds for 70 gold pieces
 46645 | Shoals:4 | Bought a potion of might for 56 gold pieces
 47118 | Shoals:4 | Noticed Ilsuiw
 47146 | Shoals:4 | Killed Ilsuiw
 47584 | Shoals:4 | Got a barnacled rune of Zot
 47664 | Shoals:4 | HP: 6/147 [merfolk impaler/+0 demon trident of freezing
                  | (11)]
 47665 | Shoals:4 | Mangled by a merfolk impaler

Illustrated notes

Levels and vault maps discovered:
D:1:      saegor_arrival_simple_c, layout_loops_cross
D:2:      layout_rooms, nemelex_xobeh_ov_fountains_minmay,
          minmay_fractal_squares_gapless_5
D:3:      layout_loops_corners, lemuel_crystal_altar
D:4:      layout_loops_ring, lemuel_crystal_altar,
          minmay_temple_entry_stoned_glass, serial_shops, shop_coins,
          serial_forest, infiniplex_forest_clump_cross,
          infiniplex_forest_lined_corner, infiniplex_forest_clump_C,
          infiniplex_forest_zigzag_1, infiniplex_forest_pool,
          infiniplex_forest_corner_1, uniq_duvessa
D:5:      layout_basic, lemuel_coloured_pillars_altar, minmay_quadrilaterals
D:6:      layout_loops_cross, zin_angel, basic_altar, serial_shops,
          nicolae_shop_trees, gup_sewer_entry_glass, gammafunk_ghost_icy,
          due_unseen_surprise, uniq_menkaure, uniq_eustachio
D:7:      layout_cave_pools, ashenzari_altar_1
D:8:      layout_loops_corners, riverfiend_overflow_shadow_ancestor,
          okawaru_metal_pillars_1_2
D:9:      layout_irregular_city, lemuel_round_altar
D:10:     layout_small_grid, orc_0_dummy, minivault_22,
          nicolae_qazlal_eye_of_the_storm, uniq_urug, uniq_nergalle, uniq_joseph
D:11:     layout_irregular_city, lair_entry_dummy, serial_shops,
          nicolae_shop_behind_doors, enter_bailey_4, uniq_josephine
D:12:     layout_basic, minmay_statue_bubble
D:13:     layout_long_grid
D:14:     lemuel_castle_with_subvaults [lemuel_castle_interior_carwin_2],
          layout_irregular_city, erik_vaults_2, hangedman_decor_riveting,
          jmf_multi_god_temple
D:15:     hangedman_depths_entry_civil_slaughter, layout_basic,
          ebering_ghost_rock_garden, grunt_decor_cap
Lair:1:   layout_layer_cave, gauntlet_entry_generic,
          chequers_serial_rivers_large_b, disabler_island
Lair:2:   layout_regular_city, elwin_shoals_entry_rooms,
          infiniplex_staircase_pool, lemuel_fruit_fields
Lair:3:   layout_gridlike, grunt_forest_stairs_clearing, lemuel_fruit_fields,
          grunt_megastairs_5, uniq_rupert
Lair:4:   layout_roguey, spider_nest_entry_funnel_web
Lair:5:   layout_regular_city, kennysheep_catoblepas_arena, grunt_megastairs_3,
          serial_bayou_shore_b
Lair:6:   due_jungle_book, layout_gridlike, slime_altar_1,
          minmay_lair_oklob_items, zaba_anthell
Shoals:1: layout_shoals, nicolae_shoals_flooded_hall, uniq_roxanne, uniq_jorgrun
Shoals:2: layout_shoals, serial_shops, shop, nicolae_shoals_arrival_archipelago
Shoals:3: layout_shoals, lightli_airlock
Shoals:4: shoals_end_grunt_ice, layout_shoals, shoals_ilsuiw_ice, serial_shops,
          bzr_entry_islet, shop
Spider:1: layout_spider_delve
Spider:2: layout_spider_delve, hangedman_stitches_earthworm,
          nicolae_spider_cling_ruins
Spider:3: layout_spider_delve, uniq_arachne
Spider:4: johnstein_spider_rune_arachne_lair
Orc:1:    layout_diamond_mine, nicolae_volcano_entry_batcave, mines4_lemuel
Orc:2:    st_orc_rangers, layout_diamond_mine, trog_book

Skill      XL: |  1  2  3  4  5  6  7  8  9 10 11 12 13 14 15 16 17 18 19 20 21 |
---------------+----------------------------------------------------------------+-----
Shields        | 4 5 6 7 8 9 |  9.0
Dodging        | 1 2 3 5 7 8 |  8.7
Axes           | 3 4 5 6 7 9 11 12 13 14 15 16 17 18 | 18.1
Invocations    | 2 3 4 6 8 10 12 13 15 16 17 18 19 20 | 20.7
Fighting       | 4 5 6 7 8 |  8.0
Armour         | 4 5 6 7 9 |  9.1
Evocations     | 3 5 |  5.0
Crossbows      | 2 4 6 8 10 12 16 17 | 17.1

Action                   |  1- 3 |  4- 6 |  7- 9 | 10-12 | 13-15 | 16-18 | 19-21 || total
-------------------------+-------+-------+-------+-------+-------+-------+-------++-------
Melee: War axe           |    76 |   182 |   405 |   480 |       |       |       ||  1143
       Battleaxe         |       |       |       |   144 |  1087 |       |       ||  1231
       Trident           |       |       |       |     6 |    20 |       |       ||    26
       Executioner's axe |       |       |       |       |   103 |   626 |   528 ||  1257
 Fire: Arbalest          |       |       |       |       |       |    19 |   422 ||   441
Invok: Draw Destruction  |       |       |     2 |    33 |    28 |    32 |    47 ||   142
       Draw Summoning    |       |       |     1 |     6 |     6 |    12 |    23 ||    48
 Abil: Shaft Self        |       |     1 |       |       |       |     2 |       ||     3
       Dig               |       |       |     1 |     1 |    11 |     2 |     4 ||    19
Evoke: Wand              |       |       |       |       |     2 |       |       ||     2
  Use: Potion            |       |     1 |     3 |     5 |     5 |     1 |    19 ||    34
       Scroll            |       |       |     8 |    12 |    11 |    15 |     4 ||    50
 Stab: Invisible         |       |       |     3 |     6 |     4 |       |     2 ||    15
       Petrified         |       |       |       |       |     3 |       |       ||     3
       Distracted        |       |       |       |       |     2 |     2 |     2 ||     6
Armor: Scale mail        |    44 |    69 |   127 |    27 |       |       |       ||   267
       Plate armour      |       |       |       |   252 |   338 |   239 |   351 ||  1180
Dodge: Dodged            |    32 |    71 |   143 |   274 |   639 |   510 |   841 ||  2510
Block: Kite shield       |    37 |   104 |   202 |   429 |   687 |   513 |   764 ||  2736
       Buckler           |       |       |       |       |    17 |       |       ||    17

Table legend: (Time is in decaauts)
 A = Elapsed time spent in this place.
 B = Non-inter-level travel time spent in this place.
 C = Inter-level travel time spent in this place.
 D = Time resting spent in this place.
 E = Time spent auto-exploring this place.
 F = Levels seen in this place.
 G = Mean time per level.
                   A        B        C        D        E       F      G
               +--------+--------+--------+--------+--------+-----+--------+
         Total |  48711 |  45647 |   3064 |  13626 |  22988 |  35 | 1391.7 |
       Dungeon |  18642 |  17214 |   1428 |   3051 |  10756 |  15 | 1242.8 |
          Lair |  10851 |   9794 |   1057 |   2837 |   5022 |   6 | 1808.5 |
        Shoals |   7650 |   7433 |    217 |   2999 |   2979 |   4 | 1912.5 |
   Spider Nest |   7356 |   7217 |    139 |   3339 |   2669 |   4 | 1839.0 |
  Orcish Mines |   2485 |   2264 |    221 |    576 |   1167 |   2 | 1242.5 |
        Bazaar |    127 |    127 |      0 |     29 |     94 |   1 |  127.0 |
        Bailey |    447 |    447 |      0 |    258 |     41 |   1 |  447.0 |
       Volcano |    361 |    361 |      0 |     47 |    162 |   1 |  361.0 |
      Gauntlet |    788 |    788 |      0 |    489 |     96 |   1 |  788.0 |
               +--------+--------+--------+--------+--------+-----+--------+

Top non-repeatable levels by time:
Shoals:2: 2579 daAuts
  Lair:6: 2523 daAuts
Spider:3: 2475 daAuts
     D:6: 2307 daAuts
  Lair:2: 2204 daAuts
  Lair:4: 2097 daAuts
Spider:4: 2025 daAuts
Spider:2: 1954 daAuts
Shoals:4: 1930 daAuts
     D:5: 1868 daAuts
  Lair:1: 1715 daAuts
Shoals:3: 1595 daAuts
   Orc:2: 1580 daAuts
Shoals:1: 1544 daAuts
     D:3: 1486 daAuts
